 Dungeon Crawl Stone Soup version 0.31.0-12-g77e489cdc1 (webtiles) character file.

Game seed: 5651326603901989315

32636 Gadfly the Covert (level 13, -11/67 HPs)
             Began as a Spriggan Enchanter on Feb 16, 2024.
             Was an Initiate of Gozag.
             Shot with a sling bullet by a minotaur (28 damage)
             ... in a Gauntlet.
             The game lasted 00:35:35 (18274 turns).

Gadfly the Covert (Spriggan Enchanter)             Turns: 18274, Time: 00:35:36

Health: -11/67     AC:  4    Str:  4    XL:     13   Next: 32%
Magic:  12/19      EV: 30    Int: 22    God:    Gozag
Gold:   2271       SH:  0    Dex: 25    Spells: 25/33 levels left

rFire   + + +        b - +5 short sword of Proximity {heavy, rF++ rC++ MP-9}
rCold   + + +        (no shield)
rNeg    . . .        r - +2 robe {rC+ rF+}
rPois   +            (helmet restricted)
rElec   .            (no cloak)
rCorr   .            (gloves unavailable)
SInv    +            (boots unavailable)
Will    ++...        u - amulet of Hipt {Acrobat Int+4}
Stlth   ++++++       v - +6 ring of dexterity
HPRegen 1.11/turn    (no ring)
MPRegen 0.16/turn

%: no teleportation, acrobat
@: confusing by touch, very quick
A: very small, no large weapons, unfitting armour, see invisible, speed 3,
poison resistance, regeneration 1, MP-powered wands
a: Renounce Religion, Potion Petition, Call Merchant, Bribe Branch


You were in a Gauntlet.
You worshipped Gozag.
Gozag was most pleased with you.
You visited 2 branches of the dungeon, and saw 16 of its levels.
You also visited: Gauntlet.

You collected 3717 gold pieces.
You spent 1342 gold pieces at shops.
You paid 104 gold pieces to Gozag.

Inventory:

Hand Weapons
 a - a +3 rapier of venom
 b - the +5 short sword of Proximity (weapon) {heavy, rF++ rC++ MP-9}
   (You took it off a kobold brigand on level 10 of the Dungeon)

   rF++:      It greatly protects you from fire.
   rC++:      It greatly protects you from cold.
   MP-9:      It affects your magic capacity (-9).
 q - the +12 trident of Rucef {spect, Fly Dex+5}
   (You found it on level 8 of the Dungeon)

   Dex+5:     It affects your dexterity (+5).
   Fly:       It grants you flight.
 w - a +1 dagger of chaos
 y - the +4 short sword "Yrouq" {venom, rF- rCorr Int+6 Dex-3}
   (You found it on level 10 of the Dungeon)

   Int+6:     It affects your intelligence (+6).
   Dex-3:     It affects your dexterity (-3).
   rF-:       It makes you vulnerable to fire.
   rCorr:     It protects you from acid and corrosion.
Missiles
 x - 2 throwing nets
Armour
 r - a +2 robe of resistance (worn)
 B - an orb of mayhem
Jewellery
 e - the amulet "Jorireti" {Spirit Harm rC+}
   (You found it in a Gauntlet)

   [amulet of guardian spirit]

   Spirit:    It causes incoming damage to be divided between your reserves of
   health and magic.
   rC+:       It protects you from cold.
   Harm:      It increases damage dealt and taken.
 u - the amulet of Hipt (around neck) {Acrobat Int+4}
   (You bought it in a shop on level 7 of the Dungeon)

   [amulet of the acrobat]

   Acrobat:   It increases your evasion while moving and waiting.
   Int+4:     It affects your intelligence (+4).
 v - a +6 ring of dexterity (left hand)
 z - a ring of protection from fire
Wands
 n - a wand of mindburst (6)
 t - a wand of charming (30)
 A - a wand of roots (2)
Scrolls
 k - 2 scrolls of poison
 l - 2 scrolls of enchant armour
 m - 5 scrolls of teleportation
 s - a scroll of amnesia
 C - 3 scrolls of identify
 D - a scroll of acquirement
 E - a scroll of torment
Potions
 c - 2 potions of invisibility
 d - a potion of lignification
 f - 4 potions of mutation
 g - 3 potions of enlightenment
 h - a potion of cancellation
 i - 2 potions of resistance
 j - a potion of magic
 o - a potion of ambrosia
 p - 5 potions of curing
 F - a potion of brilliance


   Skills:
 + Level 7.5 Fighting
 + Level 10.0 Short Blades
 + Level 11.7 Dodging
 + Level 14.0 Stealth
 + Level 10.7 Spellcasting
 + Level 11.1 Hexes
 + Level 11.3 Evocations


You had 25 spell levels left.
You knew the following spells:

 Your Spells              Type           Power      Damage    Failure   Level
a - Ensorcelled Hibernat  Hex/Ice        72%        N/A       1%          2
b - Confusing Touch       Hex            57%        N/A       1%          3
c - Tukima's Dance        Hex            57%        N/A       1%          3

Your spell library contained the following spells:

 Spells                   Type           Power      Damage    Failure   Level
 Dazzling Flash           Conj/Hex       72%        N/A       1%          3
 Apportation              Tloc           22%        N/A       5%          1
 Kiss of Death            Conj/Necr      44%        2d8       5%          1
 Necrotise                Necr           44%        1d6       5%          1
 Sting                    Conj/Alch      44%        1d5       5%          1
 Summon Small Mammal      Summ           44%        N/A       5%          1
 Scorch                   Fire           22%        2d5       9%          2
 Silence                  Hex/Air        18%        N/A       16%         5
 Mephitic Cloud           Conj/Alch/Air  11%        N/A       17%         3
 Stone Arrow              Conj/Erth      22%        3d8       17%         3
 Animate Armour           Summ/Erth      22%        N/A       50%         4
 Dispel Undead            Necr           11%        3d9       50%         4
 Flame Wave               Conj/Fire      11%        2d6       50%         4
 Manifold Assault         Tloc           11%        N/A       50%         4
 Borgnjor's Vile Clutch   Necr/Erth      5%         N/A       83%         5
 Curse of Agony           Necr           11%        N/A       83%         5
 Death Channel            Necr           5%         N/A       100%        6
 Dispersal                Tloc           5%         N/A       100%        6
 Summon Cactus Giant      Summ           5%         N/A       100%        6
 Disjunction              Tloc           5%         N/A       100%        8
 Lehudib's Crystal Spear  Conj/Erth      5%         10d3      100%        8
 Animate Dead             Necr           Unusable   N/A       N/A         4

Dungeon Overview and Level Annotations

Branches:
Dungeon (15/15)            Temple (1/1) D:6            Lair (0/5) D:10
    Orc (0/2) D:10         Vaults (0/5) D:13         Depths (0/4) D:15
Gauntlet (1/1)

Altars:
Ashenzari
Cheibriados
Dithmenos
Elyvilon
Fedhas
Gozag
Hepliaklqana
Kikubaaqudgha
Makhleb
Nemelex Xobeh
Okawaru
Qazlal
Ru
Sif Muna
Trog
Uskayaw
Vehumet
Wu Jian
Xom
Yredelemnul
Zin
The Shining One

Shops:
D:2 (   D:6 [   D:7 =

Annotations:
Gauntlet 12 transporters, 21 runed translucent doors, exclusions: obsidian statue and orange crystal statue


Innate Abilities, Weirdness & Mutations

You are very small and have problems with some larger weapons.
You are too small for most types of armour.
You have supernaturally acute eyesight. (SInv)
You cover ground extremely quickly. (Speed+++)
Your system is resistant to poisons. (rPois)
Your natural rate of healing is unusually fast.
You expend magic power (3 MP) to strengthen your wands.


Message History

The minotaur unwields a +2 sling of flaming.
It stops flaming.
The minotaur wields a +4 broad axe of distortion.
Its appearance distorts for a moment.
The minotaur hits you with a +4 broad axe of distortion!!
The minotaur gores you.
You hit the minotaur but do no damage. You hit the minotaur but do no damage.
The minotaur completely misses you. The minotaur gores you!!
You hit the minotaur but do no damage. The minotaur completely misses you.
The minotaur gores you.
* * * LOW HITPOINT WARNING * * *
Unknown command.
You closely miss the minotaur. The minotaur misses you. The minotaur gores you.
* * * LOW HITPOINT WARNING * * *
Unknown command.
You completely miss the minotaur.
The minotaur furiously retaliates!
The minotaur headbutts you, but does no damage.
Okay, then.
Okay, then.
Okay, then.
Casting: Confusing Touch (safe; 1% risk of failure)
Confirm with . or Enter, or press ? or * to list all spells.
Okay, then.
Casting: Confusing Touch (safe; 1% risk of failure)
Confirm with . or Enter, or press ? or * to list all spells.
You don't know that spell.
Casting: Confusing Touch (safe; 1% risk of failure)
Confirm with . or Enter, or press ? or * to list all spells.
Aiming: Tukima's Dance (safe; 1% risk of failure)
Press: ? - help, Shift-Dir - straight line, f/p - minotaur
Aim: a minotaur, wielding a +4 broad axe of distortion, wearing a +0 plate armour and quivering javelins (chance to confuse on hit: 12%, chance to affect: 12%)
The minotaur resists with almost no effort.
The minotaur unwields a +4 broad axe of distortion.
Its appearance distorts for a moment.
The minotaur wields a +2 sling of flaming.
It bursts into flame!
The minotaur shoots a sling bullet.
The sling bullet hits you!!
You die...
Your body crumbles into a pile of gold.

≈∩ .. ###. ... ######'#######
.............# .###.###H###.#
#.###.###.###.# #.......@.....#
###.###.###.###
#####.###.###.#####
#≈...............≈# ##
####8..©.©.©.©.©.©..8#### ### 8#
#8##≈...............≈##8# #8#
#################################
..............≈∩§................
.................................


You could see a minotaur.

Vanquished Creatures
  An entropy weaver (shapeshifter) (D:13)
  An ogre mage (D:13)
  3 boulder beetles
  5 centaur warriors
  A tengu warrior (Gauntlet)
  4 two-headed ogres
  A fire crab (shapeshifter) (D:12)
  2 arcanists
  3 deep elf pyromancers
  Pikel (D:8)
  An orc knight (D:13)
  An oklob plant (D:10)
  A manticore (D:12)
  6 ugly things
  6 cyclopes
  A moth of wrath (Gauntlet)
  2 gargoyles
  Psyche (D:8)
  3 kobold demonologists
  A komodo dragon (D:12)
  3 tengu conjurers
  2 hornets
  4 trolls
  Grinder (D:4)
  2 centaur simulacra (Gauntlet)
  6 slime creatures (D:13)
  A shadow (D:9)
  A wyvern (D:7)
  Eustachio (D:6)
  A wraith (D:14)
  A vampire (D:13)
  A steam dragon (D:6)
  15 humans (D:13)
  3 acid dragons
  A water moccasin (D:9)
  A hydra simulacrum (Gauntlet)
  2 orc warriors
  2 sky beasts
  An ice beast (D:5)
  A laughing skull (D:10)
  2 ogres
  A black bear (D:6)
  4 wolves (Gauntlet)
  A meliai simulacrum (Gauntlet)
  7 centaurs
  17 kobold brigands
  A lemure (D:8)
  3 bullfrogs (D:8)
  3 gnoll sergeants
  3 scorpions (D:5)
  8 wights
  A hornet simulacrum (Gauntlet)
  3 killer bees (D:7)
  5 howler monkeys
  6 bombardier beetles
  4 hounds
  3 orc priests
  A gnoll bouda (D:9)
  A jelly (D:4)
  5 iguanas
  7 orc wizards
  19 gnolls
  10 adders
  A shadow imp (D:5)
  A white imp (D:7)
  4 ufetubi (D:6)
  5 dart slugs
  5 ribbon worms
  36 orcs
  9 endoplasms
  3 giant cockroaches
  12 goblins
  15 hobgoblins
  19 jackals
  24 kobolds
  2 quokkas (D:1)
  3 ball pythons
  6 bats
  2 frilled lizards (D:3)
  4 rats
361 creatures vanquished.

Vanquished Creatures (collateral kills)
  A wolf (Gauntlet)
1 creature vanquished.

Vanquished Creatures (others)
  A wolf (Gauntlet)
1 creature vanquished.

Grand Total: 363 creatures vanquished

Notes
Turn   | Place    | Note
-------+----------+-------------------------------------------
     0 | D:1      | Gadfly the Spriggan Enchanter began the quest for the Orb.
     0 | D:1      | Reached XP level 1. HP: 9/9 MP: 5/5
   123 | D:1      | Reached XP level 2. HP: 14/14 MP: 6/6
   126 | D:1      | Learned a level 2 spell: Ensorcelled Hibernation
   334 | D:1      | Reached skill level 1 in Evocations
   396 | D:1      | Reached XP level 3. HP: 17/17 MP: 8/8
   400 | D:1      | Learned a level 3 spell: Confusing Touch
  1645 | D:2      | Found Loorgh's Antique Weapon Emporium.
  1784 | D:2      | Reached skill level 1 in Fighting
  2006 | D:2      | Reached XP level 4. HP: 19/22 MP: 6/9
  2729 | D:3      | Reached skill level 5 in Stealth
  3059 | D:3      | Reached XP level 5. HP: 25/25 MP: 7/10
  3063 | D:3      | Learned a level 3 spell: Tukima's Dance
  3064 | D:3      | Gained mutation: You expend magic power (3 MP) to
                  | strengthen your wands. [potion of mutation]
  3064 | D:3      | Gained mutation: Your natural rate of healing is unusually
                  | fast. [potion of mutation]
  3064 | D:3      | Gained mutation: Your system is resistant to poisons.
                  | (rPois) [potion of mutation]
  3774 | D:4      | Reached XP level 6. HP: 30/30 MP: 8/12
  4110 | D:4      | Noticed Grinder
  4120 | D:4      | Killed Grinder
  4121 | D:4      | Reached skill level 6 in Stealth
  4121 | D:4      | Reached XP level 7. HP: 30/35 MP: 9/14
  4586 | D:4      | Found a shimmering blue altar of Sif Muna.
  4589 | D:4      | Found a snail-covered altar of Cheibriados.
  4591 | D:4      | Found a bloodstained altar of Trog.
  4593 | D:4      | Found an iron altar of Okawaru.
  4593 | D:4      | Found a hide-covered altar of Uskayaw.
  4593 | D:4      | Found a shimmering altar of Xom.
  4593 | D:4      | Found a radiant altar of Vehumet.
  4593 | D:4      | Found a basalt altar of Yredelemnul.
  4594 | D:4      | Found a glowing golden altar of the Shining One.
  4598 | D:4      | Found an ancient bone altar of Kikubaaqudgha.
  4599 | D:4      | Found a blossoming altar of Fedhas.
  4719 | D:4      | Identified a scroll of acquirement
  4719 | D:4      | Acquired 928 gold pieces
  4805 | D:5      | Entered Level 5 of the Dungeon
  4836 | D:5      | Reached skill level 5 in Hexes
  5002 | D:5      | Reached skill level 5 in Dodging
  5395 | D:5      | Reached XP level 8. HP: 15/38 MP: 9/16
  5578 | D:5      | Reached skill level 7 in Stealth
  5814 | D:5      | Reached skill level 5 in Spellcasting
  6382 | D:2      | Bought a runed rapier for 203 gold pieces
  6524 | D:6      | Found Pabir's Antique Armour Shoppe.
  6534 | D:6      | Reached skill level 5 in Evocations
  6543 | D:6      | Bought a glowing robe for 81 gold pieces
  6774 | D:6      | Found a staircase to the Ecumenical Temple.
  6810 | Temple   | Entered the Ecumenical Temple
  6815 | Temple   | Became a worshipper of Gozag Ym Sagoz the Greedy
  6971 | D:6      | Noticed Eustachio
  7088 | D:6      | Killed Eustachio
  7089 | D:6      | Reached skill level 5 in Short Blades
  7089 | D:6      | Reached skill level 8 in Stealth
  7089 | D:6      | Reached XP level 9. HP: 32/44 MP: 11/18
  7155 | D:6      | Found a shadowy altar of Dithmenos.
  7691 | D:7      | Found Miasi Kirgh's Jewellery Shop.
  8235 | D:7      | Bought the amulet of Hipt {Acrobat Int+4} for 590 gold
                  | pieces
  8235 | D:7      | Bought a +6 ring of dexterity for 468 gold pieces
  8300 | D:8      | Noticed a purple ugly thing
  8307 | D:8      | Killed a purple ugly thing
  8362 | D:8      | Identified the +12 trident of Rucef {spect, Fly Dex+5}
  8560 | D:8      | Reached skill level 9 in Stealth
  8730 | D:8      | Found a sparkling altar of Nemelex Xobeh.
  8800 | D:8      | Noticed Psyche
  8809 | D:8      | Killed Psyche
  9108 | D:8      | Noticed a kobold demonologist
  9160 | D:8      | Reached XP level 10. HP: 50/51 MP: 5/21
  9926 | D:8      | Reached skill level 10 in Stealth
 10004 | D:8      | Noticed Pikel
 10019 | D:8      | Killed Pikel
 10664 | D:9      | Noticed a two-headed ogre
 10667 | D:9      | Killed a two-headed ogre
 10668 | D:9      | Reached skill level 5 in Fighting
 10671 | D:9      | Noticed a cyclops
 10677 | D:9      | Killed a cyclops
 11245 | D:9      | Found a broken altar of Ashenzari.
 11639 | D:10     | Entered Level 10 of the Dungeon
 11679 | D:10     | Noticed an oklob plant
 11681 | D:10     | Found a staircase to the Lair.
 11697 | D:10     | Killed an oklob plant
 11698 | D:10     | Reached XP level 11. HP: 56/56 MP: 22/24
 11702 | D:10     | Noticed a two-headed ogre
 11709 | D:10     | Killed a two-headed ogre
 11773 | D:10     | Identified the +5 short sword of Proximity {heavy, rF++
                  | rC++ MP-9}
 11776 | D:10     | Noticed an arcanist
 11798 | D:10     | Noticed a boulder beetle
 11806 | D:10     | Killed an arcanist
 11807 | D:10     | Reached skill level 11 in Stealth
 11817 | D:10     | Killed a boulder beetle
 12182 | D:10     | Identified the +4 short sword "Yrouq" {venom, rF- rCorr
                  | Int+6 Dex-3}
 12417 | D:10     | Noticed a centaur warrior
 12424 | D:10     | Killed a centaur warrior
 12428 | D:10     | Identified the +0 whip "Hydraslayer" {heavy, Int+4}
 12759 | D:10     | Found a staircase to the Orcish Mines.
 13117 | D:11     | Found a radiant altar of Vehumet.
 13727 | D:11     | Noticed a boulder beetle
 13737 | D:11     | Killed a boulder beetle
 14117 | D:12     | Noticed a fire crab
 14123 | D:12     | Killed a fire crab
 14124 | D:12     | Reached skill level 12 in Stealth
 14158 | D:12     | Noticed a deep elf pyromancer
 14330 | D:12     | Reached skill level 10 in Dodging
 14429 | D:12     | Killed a deep elf pyromancer
 14433 | D:12     | Reached XP level 12. HP: 61/61 MP: 21/26
 15061 | D:13     | Noticed a centaur warrior
 15067 | D:13     | Killed a centaur warrior
 15127 | D:13     | Noticed a two-headed ogre
 15128 | D:13     | Found a gate to the Vaults.
 15129 | D:13     | Noticed a centaur warrior
 15167 | D:13     | Killed a two-headed ogre
 15206 | D:13     | Reached skill level 10 in Hexes
 15213 | D:13     | Killed a centaur warrior
 15214 | D:13     | Reached skill level 10 in Evocations
 15404 | D:13     | Noticed a centaur warrior
 15409 | D:13     | Noticed an ogre mage
 15439 | D:13     | Killed a centaur warrior
 15589 | D:13     | Noticed an entropy weaver
 15596 | D:13     | Killed an entropy weaver
 15597 | D:13     | Reached skill level 13 in Stealth
 15597 | D:13     | Reached skill level 10 in Spellcasting
 16080 | D:13     | Killed an ogre mage
 16202 | D:13     | Found an iron altar of Okawaru.
 16434 | D:14     | Noticed a centaur warrior
 16439 | D:14     | Killed a centaur warrior
 16513 | D:14     | Reached XP level 13. HP: 67/67 MP: 18/28
 17025 | D:14     | You fall into a shaft and drop 1 floor!
 17025 | D:15     | Entered Level 15 of the Dungeon
 17071 | D:15     | Found a gate leading to a gauntlet.
 17085 | Gauntlet | Entered a Gauntlet
 17085 | Gauntlet | Found a transporter.
 17095 | Gauntlet | Found a transporter.
 17110 | Gauntlet | Found a transporter.
 17112 | Gauntlet | Found a large runed translucent door.
 17113 | Gauntlet | Found a large runed translucent door.
 17114 | Gauntlet | Found a large runed translucent door.
 17114 | Gauntlet | Found a large runed translucent door.
 17114 | Gauntlet | Found a runed translucent door.
 17115 | Gauntlet | Found a transporter.
 17116 | Gauntlet | Found a runed translucent door.
 17117 | Gauntlet | Found a large runed translucent door.
 17117 | Gauntlet | Found a large runed translucent door.
 17118 | Gauntlet | Found a large runed translucent door.
 17119 | Gauntlet | Found a large runed translucent door.
 17125 | Gauntlet | Found a large runed translucent door.
 17125 | Gauntlet | Found a large runed translucent door.
 17126 | Gauntlet | Found a large runed translucent door.
 17126 | Gauntlet | Found a large runed translucent door.
 17127 | Gauntlet | Found a large runed translucent door.
 17127 | Gauntlet | Found a large runed translucent door.
 17128 | Gauntlet | Found a runed translucent gate.
 17128 | Gauntlet | Found a runed translucent gate.
 17128 | Gauntlet | Found a runed translucent gate.
 17130 | Gauntlet | Found a transporter.
 17140 | Gauntlet | Found a large runed translucent door.
 17141 | Gauntlet | Found a large runed translucent door.
 17149 | Gauntlet | Found a transporter.
 17161 | Gauntlet | Found a transporter.
 17174 | Gauntlet | Found a transporter.
 17180 | Gauntlet | Found a transporter.
 17180 | Gauntlet | Found a transporter.
 17195 | Gauntlet | Found a transporter.
 17207 | Gauntlet | Found a transporter.
 17224 | Gauntlet | Found a transporter.
 17246 | Gauntlet | Found a transporter.
 17246 | Gauntlet | Found a transporter.
 17282 | Gauntlet | Found a transporter.
 17359 | Gauntlet | Found a transporter.
 17384 | Gauntlet | Found a transporter.
 17926 | Gauntlet | Reached skill level 10 in Short Blades
 18125 | Gauntlet | Reached skill level 14 in Stealth
 18241 | Gauntlet | Identified the amulet "Jorireti" {Spirit Harm rC+}
 18262 | Gauntlet | Noticed a minotaur
 18274 | Gauntlet | Shot with a sling bullet by a minotaur

Illustrated notes

Levels and vault maps discovered:
D:1:      psy_arrival_radial01, layout_basic, chequers_serial_rivers_small_3
D:2:      layout_rooms, serial_shops, nicolae_shop_tiny_waterfront,
          minmay_heptomino_o4
D:3:      layout_loops_cross
D:4:      kennysheep_goblin_castle, layout_cave_pools, minitemple,
          hangedman_decor_slide_cut, uniq_grinder
D:5:      minmay_evil_eye, layout_loops_corners
D:6:      layout_basic, mainiacjoe_overflow_brackets,
          minmay_temple_entry_glassed_door, serial_shops, shop, uniq_eustachio
D:7:      layout_rooms, serial_corexii_hall, chequers_hall_statues_y,
          corexii_hall_statues_deadend, corexii_hall_statues_i,
          corexii_hall_statues_deadend, chequers_hall_statues_y,
          corexii_hall_statues_i, serial_shops, shop_fountains
D:8:      layout_layer_cave, nemelex_diamond_rough_becter, special_room
          [special_room_kobold], uniq_pikel, uniq_psyche
D:9:      layout_loops_corners, lemuel_crystal_altar, kennysheep_another_room
D:10:     minmay_cut_squares, layout_grid_maze, dpeg_oklobed_lair
D:11:     layout_grid_maze, vehumet_altar_wand_db
D:12:     layout_stronghold
D:13:     layout_loops_ring, david_vaults_3, okawaru_altar_gauntlet_db
D:14:     layout_loops_ring, minmay_misc_feat_cross
D:15:     grunt_enter_depths_snipers, layout_basic, chequers_mini_garden,
          gauntlet_entry_generic, minmay_evil_grid
Temple:   nicolae_temple_bog_church
Gauntlet: gammafunk_gauntlet_one_two_three
          [gammafunk_gauntlet_arena_split_diamond,
          gammafunk_gauntlet_arena_grid, nicolae_gauntlet_swirl,
          nicolae_gauntlet_arena_t_cross, gammafunk_gauntlet_arena_corners,
          nicolae_gauntlet_arena_flowing_pool, nicolae_gauntlet_arena_grate_2,
          gammafunk_gauntlet_arena_hedges,
          minmay_gauntlet_arena_make_your_own_arena, gauntlet_exit_watery]

Skill      XL: |  1  2  3  4  5  6  7  8  9 10 11 12 13 |
---------------+----------------------------------------+-----
Dodging        | 3 4 5 6 7 8 10 11 | 11.7
Evocations     | 1 2 3 4 5 6 8 9 10 11 | 11.3
Short Blades   | 2 3 4 5 6 7 8 9 10 | 10.0
Spellcasting   | 3 4 5 6 8 9 10 | 10.7
Fighting       | 1 2 3 4 5 6 7 |  7.5
Hexes          | 4 5 6 7 8 9 10 11 | 11.1
Stealth        | 5 6 8 9 10 12 13 14 | 14.0

Action                     |  1- 3 |  4- 6 |  7- 9 | 10-12 | 13-15 || total
---------------------------+-------+-------+-------+-------+-------++-------
  Melee: Dagger            |   123 |   165 |   173 |       |       ||   461
         Punch             |     1 |     3 |     1 |    10 |     2 ||    17
         Rapier            |       |       |   163 |   443 |    51 ||   657
         Short sword       |       |       |       |       |    26 ||    26
   Cast: Ensorcelled Hiber |    20 |    46 |    77 |   132 |    25 ||   300
         Confusing Touch   |       |     1 |     8 |    12 |     5 ||    26
         Tukima's Dance    |       |       |       |       |     1 ||     1
  Evoke: Wand              |       |       |       |     2 |     3 ||     5
    Use: Scroll            |     7 |     3 |     4 |     4 |     1 ||    19
         Potion            |       |     5 |     1 |     4 |     1 ||    11
   Stab: Sleeping          |    18 |    40 |    61 |    89 |    12 ||   220
         Confused          |       |     2 |     8 |    12 |     1 ||    23
         Distracted        |       |       |     1 |     7 |       ||     8
 Armour: Robe              |    37 |    33 |    98 |   109 |    42 ||   319
  Dodge: Dodged            |   122 |   161 |   313 |   402 |   178 ||  1176
